 Dungeon Crawl Stone Soup version 0.22-a0-110-g5b255cf (webtiles) character file.

37 SnubMonkey the Shooter (level 3, -1/29 HPs)
             Began as a Centaur Hunter on Jan 27, 2018.
             Slain by a worm (5 damage)
             ... on level 2 of the Dungeon.
             The game lasted 00:02:18 (1073 turns).

SnubMonkey the Shooter (Centaur Hunter)             Turns: 1073, Time: 00:02:18

Health: -1/29      AC:  4    Str: 15    XL:     3   Next: 21%
Magic:  3/3        EV:  9    Int: 10    God:
Gold:   63         SH:  0    Dex:  9    Spells: 2/2 levels left

rFire    . . .     SeeInvis .   b - +0 short sword
rCold    . . .     Gourm    .   (no shield)
rNeg     . . .     Faith    .   c - +0 leather armour
rPois    .         Spirit   .   (no helmet)
rElec    .         Reflect  .   (no cloak)
rCorr    .         Harm     .   (no gloves)
MR       .....                  (no barding)
Stlth    +.........             (no amulet)
HPRegen  0.09/turn              (no ring)
MPRegen  0.08/turn              (no ring)

@: very quick
A: large, hooves 3, deformed body, speed 2, tough skin 3
a: no special abilities


You were on level 2 of the Dungeon.
You were not hungry.

You visited 1 branch of the dungeon, and saw 2 of its levels.

You collected 63 gold pieces.

Inventory:

Hand Weapons
 a - a +1 shortbow
 b - a +0 short sword (weapon)
Armour
 c - a +0 leather armour (worn)
Scrolls
 i - a scroll of random uselessness {unknown}
 j - a scroll of amnesia {unknown}
 k - a scroll of teleportation {unknown}
Potions
 e - a potion of lignification {unknown}
 g - a potion of cancellation {unknown}
 h - a potion of heal wounds {unknown}
Comestibles
 f - a ration
 l - 5 chunks of flesh


   Skills:
 - Level 2.0 Fighting
 + Level 6.8 Bows
 - Level 1.3 Dodging
 - Level 0.4 Stealth


You had 2 spell levels left.
You didn't know any spells.

Dungeon Overview and Level Annotations

Branches:
Dungeon (2/15)

Altars:


Innate Abilities, Weirdness & Mutations

You have hooves in place of feet.
Armour fits poorly on your strangely shaped body.
You cover ground very quickly.
You have extremely tough skin. (AC +3)


Message History

The worm bites you.
* * * LOW HITPOINT WARNING * * *
You barely miss the worm. Your kick misses the worm.
The worm is severely wounded.
The worm barely misses you.
You hit the worm.
The worm is severely wounded.
You hit the worm but do no damage. Your kick misses the worm.
The worm is severely wounded.
The worm bites you.
* * * LOW HITPOINT WARNING * * *
You barely miss the worm. Your kick misses the worm.
The worm is severely wounded.
The worm bites you but does no damage.
You barely miss the worm.
The worm is severely wounded.
You hit the worm.
The worm is almost dead.
The worm bites you.
You die...

. .....# ####........# #.
..#.#..##...........# #..####
#....##........#
#...>....#####.รท##[........#
.................[##.###...#
....>..#########.##..# #...##
...(((.(w.## #....## #....#
.((...w##..#####..######....#
....... ##.#.@w((().>.##....#
....... #....#######.......#
....... ##.>.# #####...#
.####.# ##..# ..## #. ...#
..# #. ..### ..# ... .## ....
.# ##...


You could see a worm.

Vanquished Creatures
  A shadow imp (D:2)
  2 oozes (D:1)
  2 leopard geckos
  A ball python (D:2)
  2 giant cockroaches
  2 hobgoblins (D:1)
  2 bats (D:1)
  A frilled lizard (D:2)
  4 goblins
  A kobold (D:1)
  A rat (D:1)
19 creatures vanquished.

Notes
Turn   | Place    | Note
-------+----------+-------------------------------------------
     0 | D:1      | SnubMonkey the Centaur Hunter began the quest for the Orb.
     0 | D:1      | Reached XP level 1. HP: 17/17 MP: 1/1
   423 | D:1      | Reached XP level 2. HP: 24/24 MP: 2/2
   516 | D:1      | Reached skill level 6 in Bows
   984 | D:2      | Reached XP level 3. HP: 29/29 MP: 3/3
  1073 | D:2      | Slain by a worm

Vault maps used:
D:1:      minmay_arrival_semitransparent
D:2:      nicolae_ru_the_path_less_chosen, minmay_tetromino_s2,
          uniq_crazy_yiuf_cottage

Skill      XL: |  1  2 |
---------------+-------+-----
Bows           | 6 |  6.8
Fighting       | |  2.0
Dodging        | |  1.3
Stealth        | |  0.4

Action                   || total
-------------------------++-------
Melee: Short sword       ||     7
 Fire: Shortbow          ||    63
Armor: Leather armour    ||     2
Dodge: Dodged            ||     4

Table legend:
 A = Spawn XP
 B = Non-spawn XP
 C = Spawn XP percentage of total XP
 D = Spawn monster count
 E = Non-spawn monster count
 F = Spawn count percentage of total count
 G = Total turns spent on level
                    A         B        C        D         E        F      G
               +---------+---------+-------+---------+---------+-------+---------
         Total |       0 |      53 |   0.0 |       0 |      19 |   0.0 |  1073
               +---------+---------+-------+---------+---------+-------+---------
           D:1 |       0 |      30 |   0.0 |       0 |      12 |   0.0 |   917
           D:2 |       0 |      23 |   0.0 |       0 |       7 |   0.0 |   156
               +---------+---------+-------+---------+---------+-------+---------
